 Dungeon Sprint DCSS version 0.24.0-37-gcf1ca852f1 (webtiles) character file.

Game seed: 17293186879752975013, levelgen mode: deterministic

5625 Groucho the Unseen (level 10, -23/43 (44) HPs)
             Began as a Spriggan Enchanter on Nov 24, 2019.
             Was a Believer of Dithmenos.
             Annihilated by a kraken (44 damage)
             ... in the Dungeon (Sprint II: "The Violet Keep of Menkaure").
             The game lasted 00:09:33 (1139 turns).

Groucho the Unseen (Spriggan Enchanter)             Turns: 1139, Time: 00:09:34

HP:   -23/43 (44)   AC: 11    Str:  7    XL:     10   Next: 46%
MP:   28/28         EV: 31    Int: 18    God:    Dithmenos [**....]
Gold: 276           SH:  0    Dex: 16    Spells: 24/36 levels left

rFire    + . .     SeeInvis +   c - +1 dagger (protect)
rCold    + . .     Gourm    .   (shield restricted)
rNeg     . . .     Faith    .   g - +2 robe {MR+}
rPois    .         Spirit   .   (helmet restricted)
rElec    .         Reflect  .   b - scarf {rC+ rF+}
rCorr    .         Harm     .   (gloves unavailable)
MR       ++...     NoTele   +   (boots unavailable)
Stlth    ++++++++..             (no amulet)
HPRegen  0.14/turn              (no ring)
MPRegen  0.21/turn              (no ring)

@: protection aura, flying, very slightly contaminated, wreathed by umbra,
invisible (expiring), very quick
A: very small, unfitting armour, see invisible, herbivore, speed 3, slow
metabolism 2
a: Shadow Step, Renounce Religion


You were in the Dungeon.
You worshipped Dithmenos.
Dithmenos was pleased with you.
You were not hungry.

You visited 1 branch You collected 1221 gold pieces.
You spent 945 gold pieces at shops.

Inventory:

Hand Weapons
 c - a +1 dagger of protection (weapon)
Armour
 b - a scarf of resistance (worn)
 f - a +0 buckler of fire resistance
 g - a +2 robe of magic resistance (worn)
Scrolls
 j - a scroll of blinking
Potions
 e - a potion of curing
 h - 2 potions of magic
 i - a potion of agility
Comestibles
 d - a ration


   Skills:
 + Level 11.7 Short Blades
 + Level 14.8 Dodging
 - Level 15.1 Stealth
 + Level 5.1 Shields
 + Level 13.6 Spellcasting
 + Level 13.7 Hexes


You had 24 spell levels left.
You knew the following spells:

 Your Spells              Type           Power        Failure   Level  Hunger
a - Corona                Hex            ######.      1%          1    None
b - Ensorcelled Hibernat  Hex/Ice        #####.       1%          2    None
c - Confuse               Hex            ######..     1%          3    None
d - Dazzling Spray        Conj/Hex       #####.       1%          3    None
e - Tukima's Dance        Hex            ######..     1%          3    None

Your spell library contained the following spells:

 Spells                   Type           Power        Failure   Level  Hunger


Dungeon Overview and Level Annotations

Branches:
Dungeon (1/1)

Altars:
Cheibriados
Dithmenos
Elyvilon
Fedhas
Gozag
Hepliaklqana
Kikubaaqudgha
Makhleb
Nemelex Xobeh
Okawaru
Qazlal
Ru
Sif Muna
Trog
Uskayaw
Vehumet
Wu Jian
Xom
Yredelemnul
Zin
The Shining One
Beogh
Jiyva
Lugonu

Shops:
D ((:?%[:=%=[!*}!?

Annotations:
D exclusion: oklob plant


Innate Abilities, Weirdness & Mutations

You are very small and have problems with some larger weapons.
You are too small for most types of armour.
You have supernaturally acute eyesight. (SInv)
You are a herbivore.
You cover ground extremely quickly.
You need to consume almost no food.


Message History

The kraken is severely wounded.
You hit the kraken but do no damage.
The kraken is severely wounded.
The kraken completely misses you.
You hit the kraken but do no damage.
The kraken is severely wounded.
Tentacles burst out of the water! 4 tentacles come into view.
You hit the kraken but do no damage.
The kraken is severely wounded.
You flicker for a moment.
The kraken closely misses you.
You catch the helpless kraken completely off-guard!
You stick the kraken like a pincushion!!!
The kraken is almost dead.
You hit the kraken but do no damage.
The kraken is almost dead.
The kraken bites you!!!
Ouch! That really hurt!
You die...

# ### [▓!"?=?[(%▓▓
..####▓)))?"?)%▓▓
.^##)#▓)?!"$([!▓▓
..#..#▓%[()%?[)▓▓
..#..#▓"[!$[(!!▓▓
..##.#▓$((=($$$▓▓
#...##▓▓▓▓▓▓▓+▓▓▓▓+▓
≈≈≈≈≈≈≈≈≈≈≈≈≈...@≈≈▓
≈#'########+###.≈X≈▓
≈#..._._._#≈§≈##≈≈≈▓
≈#_._._._.#§≈§t####▓
≈#._._._._#§§≈§
≈#_._._._.#§§t§
≈#._._._..#§§§§§
§#_._._...#≈≈§≈
≈#._._....#§§≈≈


You could see a kraken.

Vanquished Creatures
  A deep elf master archer (D)
  2 hell hogs (D)
  A yaktaur (D)
  3 polar bears (D)
  A hornet (D)
  5 hippogriffs (D)
  4 necrophages (D)
  A crocodile (D)
  4 worker ants (D)
  3 worms (D)
25 creatures vanquished.

Vanquished Creatures (others)
  Menkaure (D)
  A crocodile (D)
  4 tentacles (D)
6 creatures vanquished.

Grand Total: 31 creatures vanquished

Notes
Turn   | Place    | Note
-------+----------+-------------------------------------------
     0 | D        | Groucho the Spriggan Enchanter began the quest for the Orb.
     0 | D        | Reached XP level 1. HP: 9/9 MP: 5/5
     5 | D        | Noticed a necrophage
     5 | D        | Noticed a necrophage
     5 | D        | Noticed a necrophage
     5 | D        | Noticed a necrophage
    13 | D        | Killed a necrophage
    13 | D        | Reached skill level 10 in Stealth
    13 | D        | Reached skill level 5 in Spellcasting
    13 | D        | Reached XP level 2. HP: 13/13 MP: 5/9
    13 | D        | Reached XP level 3. HP: 16/16 MP: 6/11
    13 | D        | Reached XP level 4. HP: 21/21 MP: 6/12
    20 | D        | Killed a necrophage
    20 | D        | Reached skill level 5 in Dodging
    20 | D        | Reached skill level 11 in Stealth
    20 | D        | Reached XP level 5. HP: 24/24 MP: 6/15
    47 | D        | Killed a necrophage
    49 | D        | Killed Menkaure
    69 | D        | Killed a necrophage
    69 | D        | Reached skill level 5 in Short Blades
    69 | D        | Reached skill level 12 in Stealth
    69 | D        | Reached XP level 6. HP: 24/27 MP: 12/18
   328 | D        | Learned a level 2 spell: Ensorcelled Hibernation
   332 | D        | Learned a level 3 spell: Confuse
   336 | D        | Learned a level 3 spell: Dazzling Spray
   340 | D        | Learned a level 3 spell: Tukima's Dance
   846 | D        | Found Lahoxo Sompu's Distillery.
   846 | D        | Found Qeinifam's General Store.
   846 | D        | Found Pacifone's Jewellery Boutique.
   846 | D        | Found Nynufros's Antique Armour Boutique.
   846 | D        | Found Zoulaps's Food Shop.
   847 | D        | Found Citepp's Magic Scroll Shop.
   847 | D        | Found Mabbilor's Distillery.
   847 | D        | Found Desarr's Jewellery Shop.
   861 | D        | Noticed a hippogriff
   861 | D        | Noticed a hippogriff
   864 | D        | Killed a hippogriff
   864 | D        | Reached skill level 13 in Stealth
   864 | D        | Reached XP level 7. HP: 31/31 MP: 17/20
   867 | D        | Killed a hippogriff
   867 | D        | Reached skill level 10 in Hexes
   884 | D        | Found Udeb's Book Shop.
   884 | D        | Found Qatullao's Antique Armour Boutique.
   885 | D        | Found Kifofial's Gadget Boutique.
   887 | D        | Found Ceppi's Food Shop.
   887 | D        | Found Tumomaycs's Magic Scroll Boutique.
   887 | D        | Noticed a death yak
   887 | D        | Noticed an oklob plant
   888 | D        | Found Beecic's Antique Weapon Shop.
   888 | D        | Found Jorank's Antique Weapon Boutique.
   888 | D        | Found Eprenuul's Book Shoppe.
   891 | D        | Noticed a manticore
   891 | D        | Noticed a manticore
   898 | D        | Noticed a manticore
   909 | D        | Noticed a yak
   911 | D        | Noticed a yak
   913 | D        | Noticed a yak
   916 | D        | Bought a runed dagger for 135 gold pieces
   926 | D        | Bought an embroidered robe for 70 gold pieces
   946 | D        | Bought a scroll of remove curse for 36 gold pieces
   962 | D        | Bought a glowing scarf for 200 gold pieces
   962 | D        | Bought a runed buckler for 187 gold pieces
   962 | D        | Bought a runed robe for 92 gold pieces
   984 | D        | Bought a potion of invisibility for 104 gold pieces
   984 | D        | Bought a potion of agility for 52 gold pieces
   985 | D        | Bought a potion of flight for 36 gold pieces
   987 | D        | Bought a potion of flight for 33 gold pieces
  1005 | D        | Found a glowing golden altar of the Shining One.
  1005 | D        | Found an ornate altar of the Wu Jian Council.
  1006 | D        | Found a shimmering altar of Xom.
  1006 | D        | Found a sacrificial altar of Ru.
  1007 | D        | Found a basalt altar of Yredelemnul.
  1007 | D        | Found a shimmering blue altar of Sif Muna.
  1008 | D        | Found a glowing silver altar of Zin.
  1008 | D        | Found a bloodstained altar of Trog.
  1008 | D        | Found an ancient bone altar of Kikubaaqudgha.
  1008 | D        | Found a stormy altar of Qazlal.
  1008 | D        | Found a viscous altar of Jiyva.
  1009 | D        | Found a hide-covered altar of Uskayaw.
  1009 | D        | Found a corrupted altar of Lugonu.
  1009 | D        | Found a shadowy altar of Dithmenos.
  1011 | D        | Found a radiant altar of Vehumet.
  1011 | D        | Found a burning altar of Makhleb.
  1011 | D        | Found a white marble altar of Elyvilon.
  1012 | D        | Found a sparkling altar of Nemelex Xobeh.
  1012 | D        | Found a blossoming altar of Fedhas.
  1013 | D        | Found an iron altar of Okawaru.
  1013 | D        | Found an opulent altar of Gozag.
  1014 | D        | Noticed a yaktaur
  1014 | D        | Noticed a hornet
  1014 | D        | Noticed a polar bear
  1015 | D        | Noticed a polar bear
  1015 | D        | Noticed a polar bear
  1016 | D        | Killed a polar bear
  1016 | D        | Reached skill level 10 in Dodging
  1016 | D        | Reached skill level 14 in Stealth
  1016 | D        | Reached skill level 10 in Spellcasting
  1016 | D        | Reached XP level 8. HP: 35/35 MP: 23/23
  1017 | D        | Killed a polar bear
  1019 | D        | Killed a polar bear
  1020 | D        | Killed a hornet
  1020 | D        | Reached skill level 15 in Stealth
  1024 | D        | Killed a yaktaur
  1024 | D        | Reached XP level 9. HP: 38/38 MP: 21/25
  1033 | D        | Found a hazy altar of Hepliaklqana.
  1033 | D        | Found a snail-covered altar of Cheibriados.
  1034 | D        | Found a roughly hewn altar of Beogh.
  1046 | D        | Became a worshipper of Dithmenos the Shadowed
  1064 | D        | Reached skill level 1 in Shields
  1068 | D        | Reached * piety under Dithmenos
  1079 | D        | Noticed a hell hog
  1080 | D        | Noticed a hell hog
  1081 | D        | Killed a hell hog
  1081 | D        | Reached skill level 10 in Short Blades
  1083 | D        | Killed a hell hog
  1083 | D        | Reached ** piety under Dithmenos
  1095 | D        | Noticed a deep elf master archer
  1100 | D        | Killed a deep elf master archer
  1100 | D        | Reached skill level 5 in Shields
  1100 | D        | Reached XP level 10. HP: 43/43 MP: 25/28
  1122 | D        | Noticed a kraken
  1139 | D        | Annihilated by a kraken

Levels and vault maps discovered:
D:        the_violet_keep_of_menkaure [sprint2_stairs_cluster_1,
          sprint2_shoproom, sprint2_temple, sprint2_basic_supplies,
          sprint2_obstacle_1, sprint2_obstacle_4, sprint2_obstacle_7,
          sprint2_obstacle_6, sprint2_obstacle_3, sprint2_timed_cluster_1,
          sprint2_smallroom_cluster_1, sprint2_smallroom_final_cluster_1,
          sprint2_transparent_cluster_1, sprint2_second_timed_cluster_1,
          sprint2_sniper_area_1, sprint2_heavy_combat_area_1,
          sprint2_mutation_trap_area_1, sprint2_forest_area_1,
          sprint2_light_combat_area_1, sprint2_behind_water_1,
          sprint2_near_end_vault_1]

Skill      XL: |  1  2  3  4  5  6  7  8  9 |
---------------+----------------------------+-----
Stealth        | 10 11 12 13 14 15 | 15.1
Spellcasting   | 5 6 8 9 10 11 13 | 13.6
Hexes          | 6 7 8 9 10 11 13 | 13.7
Short Blades   | 3 5 6 7 9 11 | 11.7
Dodging        | 5 7 9 10 12 14 | 14.8
Shields        | 5 |  5.1

Action                   |  1- 3 |  4- 6 |  7- 9 | 10-12 || total
-------------------------+-------+-------+-------+-------++-------
Melee: Dagger            |     7 |    63 |    14 |    11 ||    95
 Cast: Ensorcelled Hiber |       |     5 |     4 |       ||     9
  Use: Potion            |     1 |     2 |     3 |       ||     6
       Scroll            |       |       |     1 |       ||     1
 Stab: Sleeping          |       |     8 |    13 |     1 ||    22
       Invisible         |       |       |       |     2 ||     2
Armor: Robe              |       |     1 |     1 |       ||     2
Dodge: Dodged            |     4 |    36 |     5 |     5 ||    50
